 Dungeon Crawl Stone Soup version 0.15.1-2-g8fbdab7 (webtiles) character file.

434 Johnny the Chiller (level 6, -3/52 HPs)
             Began as a Demigod Ice Elementalist on Oct 1, 2014.
             Slain by an orc
             ... wielding a +0 vampiric hand axe
              (7 damage)
             ... on Level 4 of the Dungeon.
             The game lasted 00:10:59 (4102 turns).

Johnny the Chiller (Demigod Ice Elementalist)       Turns: 4102, Time: 00:10:59

HP  -3/52        AC  5     Str 13      XL: 6   Next: 40%
MP  11/16        EV  9     Int 21      God:
Gold 252         SH  0     Dex 17      Spells:  2 memorised,  6 levels left

rFire  . . .     SeeInvis .     f - +1 short sword (drain)
rCold  + . .     Clarity  .     p - +0 ring mail
rNeg   . . .     rCorr    .     (no shield)
rPois  .         rRot     .     (no helmet)
rElec  .         Spirit   .     (no cloak)
SustAb .         Warding  .     (no gloves)
rMut   .         Stasis   .     (no boots)
Gourm  .                        (no amulet)
MR     .....                    (no ring)
                                i - ring of protection from cold

@: very slightly contaminated, invisible, not resistant to hostile enchantments,
unstealthy
A: robust 1
a: no special abilities


You were on level 4 of the Dungeon.
You were not hungry.

You visited 1 branch of the dungeon, and saw 4 of its levels.

You collected 252 gold pieces.

Inventory:

Hand weapons
 a - a +0 war axe of chopping
 f - a +1 short sword of draining (weapon)
Armour
 p - a +0 ring mail (worn)
Magical devices
 r - a wand of polymorph (6)
Comestibles
 c - 3 bread rations
 g - 3 meat rations
 j - 4 fruits
 n - a slice of pizza
 q - a chunk of worm flesh
 w - a rotting chunk of goblin flesh
Scrolls
 d - a scroll of amnesia {unknown}
 e - 4 scrolls of enchant weapon
 h - 2 scrolls of fear
 l - a scroll of random uselessness {unknown}
 m - 3 scrolls of remove curse
 s - a scroll of identify
 t - 2 scrolls of teleportation {unknown}
 v - a scroll of blinking {unknown}
Jewellery
 i - a ring of protection from cold (left hand)
Potions
 k - a potion of mutation
 o - 2 potions of invisibility
 u - a potion of brilliance
Books
 b - a book of Frost

   Spells                             Type                      Level
   *Freeze                            Ice                          1
   Throw Frost                        Conjuration/Ice              2
   Ozocubu's Armour                   Charms/Ice                   3
   Throw Icicle                       Conjuration/Ice              4
   *Summon Ice Beast                  Ice/Summoning                4
   Condensation Shield                Ice                          4


   Skills:
 * Level 2.2 Fighting
 + Level 1.2 Armour
 * Level 2.9 Dodging
 + Level 2.4 Stealth
 * Level 3.0 Spellcasting
   Level 0.8 Conjurations
 * Level 1.6 Summonings
 * Level 4.1 Ice Magic
 + Level 0.4 Evocations


You had 6 spell levels left.
You knew the following spells:

 Your Spells              Type           Power        Failure   Level  Hunger
a - Freeze                Ice            ###.         4%          1    None
b - Summon Ice Beast      Ice/Summ       ###.....     61%         4    ####...


Dungeon Overview and Level Annotations

Branches:
Dungeon (4/15)
 Temple: D:4-7


Innate Abilities, Weirdness & Mutations

You are robust (+10% HP).


Message History

The orc priest invokes the aid of Beogh against you.
Pain shoots through your body!
* * * LOW HITPOINT WARNING * * *
Casting: Freeze
Confirm with . or Enter, or press ? or * to list all spells.
Aiming: Freeze
Press: ? - help, Shift-Dir - straight line, f/p - orc priest
Aim: an orc priest, wielding a whip (heavily wounded)
You freeze the orc priest.
You kill the orc priest!
Your Spellcasting skill increases to level 3!
The bat closely misses you. The bat hits you.
* * * LOW HITPOINT WARNING * * *
The orc barely misses you.
Unknown command.
Drink which item? (? for menu, Esc to quit)
You fade into invisibility!
The bat hits you but does no damage. The orc barely misses you.
The orc barely misses you. The orc hits you with a runed hand axe!
You die...

..........)...............
..........................
.................###......
..............)## ##.....
.............## ##...%
............## ##...
...........## ##..
....>..o....# #..
......bb@..## ##.
.......oo...## #.
........##..### ##.
....#######...## ##.. ...
##...## ##... .
##(..####.... ##..........
##......... #...##....


You could see 3 orcs and 2 bats.

Vanquished Creatures
  2 scorpions (D:4)
  2 orc priests
  2 orc wizards (D:3)
  A worker ant (D:4)
  4 adders
  4 worms
  2 oozes (D:3)
  14 orcs
  4 ball pythons
  2 giant cockroaches
  18 hobgoblins
  11 jackals
  10 kobolds
  A quokka (D:3)
  17 bats
  5 giant geckos
  4 giant newts
  13 goblins
  16 rats
132 creatures vanquished.

Notes
Turn   | Place    | Note
--------------------------------------------------------------
     0 | D:1      | Johnny, the Demigod Ice Elementalist, began the quest for the Orb.
     0 | D:1      | Reached XP level 1. HP: 14/14 MP: 3/3
   330 | D:1      | Reached XP level 2. HP: 10/22 MP: 0/4
   426 | D:1      | Reached skill level 3 in Ice Magic
  1202 | D:2      | Reached XP level 3. HP: 22/27 MP: 4/8
  1567 | D:2      | Reached skill level 1 in Fighting
  2026 | D:3      | Gained mutation: You have a pair of small horns on your head. [potion of mutation]
  2026 | D:3      | Gained mutation: You are robust (+10% HP). [potion of mutation]
  2026 | D:3      | Lost mutation: You have a pair of small horns on your head. [potion of mutation]
  2037 | D:3      | Reached XP level 4. HP: 30/38 MP: 3/10
  2497 | D:3      | Learned a level 4 spell: Summon Ice Beast
  2551 | D:3      | Reached XP level 5. HP: 13/45 MP: 7/12
  2903 | D:3      | Reached skill level 1 in Summonings
  3062 | D:3      | Reached skill level 1 in Armour
  3502 | D:4      | Noticed an ogre
  3527 | D:3      | Reached XP level 6. HP: 43/52 MP: 15/15
  3765 | D:4      | an ogre changed into a boggart
  3766 | D:4      | Noticed a warg
  3766 | D:4      | a boggart changed into a warg
  3767 | D:4      | a warg changed into a scorpion
  3774 | D:4      | Reached skill level 4 in Ice Magic
  4102 | D:4      | Slain by an orc

Action                   |  1- 3 |  4- 6 || total
-------------------------+-------+-------++-------
Melee: Dagger            |    71 |    19 ||    90
       Unarmed           |     2 |       ||     2
       War axe           |       |    79 ||    79
       Short sword       |       |    50 ||    50
 Cast: Freeze            |    74 |    88 ||   162
Evoke: Wand              |       |     9 ||     9
  Use: Potion            |     8 |     1 ||     9
       Scroll            |       |     3 ||     3
 Stab: Sleeping          |     1 |     5 ||     6
       Invisible         |       |     1 ||     1
  Eat: Chunk             |     4 |     5 ||     9
       Royal jelly       |       |     1 ||     1
